badnik, neutral male scurrid Ranger }}}}}}}}}}}}}}}}}}}}}}}}}}}}}}}}}}}}}}}}}}}}}}}}}}}}}}}}}}}}}}}}}}}}}}}}}}} }}}}}}}}}}}}}}}}}}}}}}}}}}}}}}}}}}}}}}}}}}}}}}}}}}}}}}}}}}}}}}}}}}}}}}}}}}} }}}}}}}}}.}}}}}}.....}}}}}}}}}}}}}}}}}}}}}}}}}T}}}}}}}}}}}}}}}}}}}}}}}}}}}} };@}}}}....}}}}}....}}}}}}}}}}}}}}}}}}}}}}}}}}}}}}}}}}}}}}}}............}}} }...`}}}}}}}}}}....}}}..}}}}}}}}}}}}}}}}}}}}}}}}}}}}}}}}}}}}}}}?..}}}}}..}} }...}}}}}}}}}}....}}}}..}}}}}}}}}}}.......}}}}}}}}}}}}}}}}}}}}}=}..}}}}..}} }...}}}}}}}}}}}}}}}}}}!}}}}}}}----------------- }}}}}}}}}}}...o...}} }.o.}}}}}}}}}}}}}}}}}}}}}}}}}.| }} }..oo}}}}}...}}}}}}}}}}n}}}`.Z- }...o.}}}}}.}}}}}}}}}}}}}}}.......| }....}B}}}}}}}}}}}}}}}}}}}}.Z.....| }....}}}}}}}}}}}}}}}}}}}}}}...----- }.....}}}}}}}}}}}}}}}}}}}}}}}.| }......}}}}}}}}}}}}}}}}}}}}}}}- }'...<..}}}[}}}...}}}}}}}}}}}}}} }.....}}}}}}}}}}.....}}}}}}}}}}}}}}} }}..}}}}}}}}}}}}}....}}}}}}}}}}}}}}}}}}} }}}}}}}}}}}}}}}}}....}}}}}}}}}}}}}}}}}}}}}}} }}}}}}}}}}}}}}}}}}}}}}}}}}}}}}}}}}}}}}}}}}}}}}}} }}}}}}}}}}}}}}}}}}}}}}}}}}}}}}}}}}}}}}}}}}}}}}}}}}}} badnik the Tenderfoot Experience level: 1 Strength: 16 Dexterity: 11 Constitution: 14 Intelligence: 13 Wisdom: 13 Charisma: 8 Health: 0(14) Energy: 2(2) Def: 3 Gold: 709 Moves: 137 Dungeon seed: tdAcVjqNGz7OKfsm Game ID: badnik_1498611076 Your Inventory: Coins $ - 709 gold pieces Weapons b - 30 uncursed +2 darts c - 15 uncursed +0 darts Armor e - an uncursed +2 cloak of displacement (being worn) Comestibles d - 4 uncursed chestnuts Scrolls g - an uncursed scroll of scare monster Potions h - an uncursed potion of hallucination i - an uncursed potion of booze Wands f - an uncursed wand of slow monster (0:3) Spells and supernatural/magical abilities: Name Level Category Fail Memory W - pray for help -- divine ? -- Your skills at the end: Miscellaneous Skills wands [Basic] Weapon Skills dart [Basic] Spellcasting Skills Final Attributes: You were devoutly aligned. You had automatic searching. You had infravision. You were displaced. You were very stealthy. You are dead. Voluntary challenges: You went without food. You did not adorn yourself with jewelry or accessories. You did not cause conflict. You were not invisible. You did not have reflection. You were an atheist. You never hit with a wielded weapon. You were a pacifist. You did not use tools. You did not use plumbed fixtures. You did not drink any magical draughts. You were illiterate. You never genocided any monsters. You never polymorphed an object. You never changed form. You used no wishes. You never split a pudding. You never wrote Elbereth's name. You never violated your personal moral code. Dungeon overview: The Dungeons of Doom: levels 1 to 24 Level 1 a long staircase Level 2 Level 3 Level 4 Level 5 Level 6 Level 7 some fountains Level 8 Level 9 Level 10 Level 11 Level 12 Level 13 Level 14 Level 15 a fountain, a sink Level 16 Level 17 Level 18 Level 19 Level 20 Level 21 Level 22 Level 23 Level 24 <- You were here History has recorded: On T:1 you entered the Dungeons of Doom to retrieve the Amulet of Yendor! On T:10 you reached level 2 of The Dungeons of Doom. On T:16 you reached level 3 of The Dungeons of Doom. On T:21 you reached level 4 of The Dungeons of Doom. On T:25 you reached level 5 of The Dungeons of Doom. On T:37 you reached level 6 of The Dungeons of Doom. On T:42 you reached level 7 of The Dungeons of Doom. On T:46 you reached level 8 of The Dungeons of Doom. On T:50 you reached level 9 of The Dungeons of Doom. On T:54 you reached level 10 of The Dungeons of Doom. On T:58 you reached level 11 of The Dungeons of Doom. On T:61 you reached level 12 of The Dungeons of Doom. On T:73 you reached level 13 of The Dungeons of Doom. On T:77 you reached level 14 of The Dungeons of Doom. On T:81 you reached level 15 of The Dungeons of Doom. On T:86 you reached level 16 of The Dungeons of Doom. On T:90 you reached level 17 of The Dungeons of Doom. On T:101 you reached level 18 of The Dungeons of Doom. On T:101 you entered the Rogue tribute level. On T:105 you reached level 19 of The Dungeons of Doom. On T:111 you reached level 20 of The Dungeons of Doom. On T:115 you reached level 21 of The Dungeons of Doom. On T:119 you reached level 22 of The Dungeons of Doom. On T:129 you reached level 23 of The Dungeons of Doom. On T:133 you reached level 24 of The Dungeons of Doom. Score breakdown: Gold: 709 ( 70 points) Experience: 1 level ( 0 points) Exploration: 24 levels ( 690 points) Discoveries: 3 items ( 150 points) Variety of kills: 0 monsters ( 0 points) Major goal: (nothing yet) ( 0 points) Survival: died (score multiplied by 3) Total score: 2730 Latest messages: You start digging downward. You continue digging downward. You dig a pit in the floor. You continue digging downward. You dig a hole through the floor. You fall through... You see here a banana. You start digging downward. You continue digging downward. You dig a pit in the floor. You continue digging downward. You dig a hole through the floor. You fall through... You stop exploring. (2x) There is a pool of shallow water here. You see here a statue of a forest centaur. The island nymph picks up a scroll. You start digging downward. You continue digging downward. The water sloshes furiously for a moment, then subsides. You start digging downward. The jellyfish stings! You die... Final status: Goodbye badnik the Ranger, killed by a jellyfish... You died in The Dungeons of Doom on dungeon level 24 with 2730 points, and 709 pieces of gold, after 137 moves. You were level 1 with a maximum of 14 hit points when you died.